Map: Ruins of Endion

Players

JunHyoSeong (Demi)

  • Race: Zerg Zerg
  • League: Master

Pokebunny - Winner!

  • Race: Terran Terran
  • League: Master

Event: SpawningTool Invitational 1

VOD

https://www.youtube.com/watch?v=y051JGJX31k

Description

Time

  • Played on: May 30, 2016, 5:43 p.m.
  • Length: 9:00

All games in this series

Show
View Real Time Build Order
Export as new Build Order

JunHyoSeong Zerg 

Build Orders: Pool First 

Get SALT Encoding   

  12  0:01  Drone  
  13  0:12  Drone  
  14  0:15  Extractor  
  14  0:18  Drone  
  14  0:35  Spawning Pool  
  14  0:36  Drone  
  14  0:45  Overlord  
  14  0:55  Extractor  
  14  0:56  Drone  
  15  1:05  Drone  
  16  1:22  Metabolic Boost, Queen  
  16  1:24  Zergling x2  
  19  1:26  Zergling x2  
  19  1:29  Zergling x2  
  21  1:50  Hatchery  
  20  1:55  Drone  
  20  2:00  Overlord  
  21  2:18  Zergling x2  
  21  2:19  Queen  
  24  2:27  Drone x2  
  26  2:31  Drone x2  
  26  2:32  Drone  
  29  2:50  Overlord  
  29  2:56  Drone  
  30  3:06  Drone x2  
  30  3:07  Queen  
  30  3:12  Drone x3  
  37  3:14  Drone  
  38  3:20  Drone  
  38  3:23  Drone  
  40  3:35  Overlord  
  40  3:41  Drone x2  
  40  3:42  Drone, Hatchery  
  42  3:51  Drone x2  
  44  3:58  Drone x3  
  47  4:04  Roach Warren  
  47  4:08  Overlord  
  46  4:10  Extractor  
  46  4:16  Overlord x2  
  45  4:18  Drone  
  45  4:21  Evolution Chamber  
  45  4:23  Lair  
  44  4:24  Drone  
  44  4:25  Drone  
  46  4:34  Drone x3  
  46  4:35  Drone  
  46  4:37  Extractor  
  49  4:47  Roach x5  
  49  4:50  Roach  
  61  4:57  Drone  
  62  5:02  Roach x2  
  62  5:06  Roach x2  
  62  5:07  Roach x2  
  74  5:14  Zergling x2, Roach  
  77  5:20  Roach x2  
  81  5:25  Zergling x2  
  82  5:35  Zergling x10  
  77  5:40  Drone x2  
  80  5:43  Glial Reconstitution  
  80  5:44  Zerg Missile Weapons Level 1  
  80  5:56  Hatchery  
  79  6:04  Overlord  
  79  6:05  Overlord x2  
  79  6:06  Evolution Chamber  
  79  6:07  Overseer  
  79  6:08  Extractor  
  77  6:18  Overseer  
  77  6:23  Roach  
  77  6:24  Roach x6  
  91  6:35  Zergling x4, Roach x2  
  91  6:37  Ravager  
  91  6:38  Ravager  
  98  6:44  Overlord x2  
  98  6:45  Overlord  
  98  6:47  Zergling x2  
  99  6:52  Ravager  
  99  7:05  Zerg Ground Armor Level 1  
  99  7:11  Queen  
  99  7:12  Drone  
  99  7:13  Drone x5  
  107  7:16  Roach  
  109  7:23  Roach x2  
  109  7:27  Roach  
  115  7:30  Ravager x2  
  115  7:31  Ravager  
  115  7:32  Roach x2  
  115  7:35  Zergling x2  
  115  7:36  Zergling x4  
  125  7:41  Roach x2  
  129  7:47  Overlord x2  
  125  8:04  Zergling x16  
  127  8:15  Roach  
  127  8:16  Roach x5  
  96  8:36  Roach  
  96  8:37  Roach x6  
Show
View Real Time Build Order
Export as new Build Order

Pokebunny Terran - Winner!

Build Orders: Reaper Expand, MMM Bio 

Get SALT Encoding   

  12  0:01  SCV  
  13  0:13  SCV  
  14  0:17  Supply Depot  
  14  0:25  SCV  
  15  0:39  SCV  
  15  0:41  Barracks  
  16  0:45  Refinery  
  16  0:51  SCV  
  17  1:03  SCV  
  18  1:15  SCV  
  19  1:28  Reaper, Orbital Command  
  20  1:40  Command Center  
  20  1:51  Supply Depot  
  20  1:53  SCV  
  21  2:01  Barracks Reactor  
  21  2:05  SCV  
  21  2:07  Barracks  
  22  2:18  Barracks, SCV  
  23  2:25  Refinery  
  23  2:31  SCV  
  23  2:37  Marine x2  
  25  2:48  SCV  
  25  2:49  Command Center  
  26  2:59  Marine  
  26  3:00  Marine, Barracks Tech Lab  
  26  3:01  SCV  
  26  3:04  Factory  
  28  3:07  Marine  
  29  3:14  SCV  
  29  3:16  Supply Depot  
  30  3:22  Stimpack  
  31  3:29  SCV  
  31  3:33  Barracks Reactor  
  31  3:37  Marine x2  
  31  3:38  Marine  
  34  3:48  Starport, Factory Reactor  
  34  3:52  SCV  
  35  3:57  Marine  
  35  3:58  Marine x2  
  38  4:11  Marine x2  
  38  4:15  Marine x2  
  38  4:16  Marine  
  43  4:20  SCV  
  43  4:21  Orbital Command  
  44  4:30  Marine x2  
  46  4:31  Medivac  
  46  4:34  Medivac  
  50  4:38  SCV  
  50  4:42  Supply Depot  
  50  4:43  Factory Tech Lab  
  51  4:48  Refinery  
  51  4:55  Engineering Bay  
  51  4:57  SCV x2  
  52  5:09  Siege Tank  
  52  5:10  SCV x2  
  52  5:14  Marine x2  
  59  5:22  Marine  
  60  5:33  Marine x2  
  62  5:37  Marine  
  62  5:40  Medivac  
  61  5:44  Marine  
  61  5:47  Terran Infantry Weapons Level 1  
  62  5:53  Supply Depot  
  62  5:55  Supply Depot, Medivac, Siege Tank, SCV x2  
  69  5:57  Marine  
  70  6:04  Combat Shields  
  70  6:15  Marine x4, SCV x2  
  76  6:20  Supply Depot  
  76  6:23  Marine  
  77  6:27  Supply Depot  
  77  6:30  Siege Tank  
  80  6:36  SCV x2  
  80  6:38  Marine x2  
  84  6:43  Marine x2  
  86  6:47  Marine  
  87  6:55  Marine  
  87  6:56  Marine  
  85  7:04  Marine x2, Siege Tank  
  90  7:09  Marine  
  91  7:20  Marine x2  
  91  7:21  SCV x2  
  91  7:22  Marine  
  96  7:24  Command Center  
  96  7:27  Supply Depot  
  96  7:28  Supply Depot  
  96  7:30  Marine x2  
  98  7:38  Siege Tank  
  98  7:39  Marine  
  102  7:48  Marine  
  102  7:50  Marine x3  
  98  8:05  Marine  
  98  8:06  Marine  
  98  8:09  Marine x2  
  98  8:10  Marine  
  98  8:11  Siege Tank  
  104  8:23  Marine  
  101  8:30  Marine x3  
  101  8:31  Marine  
  88  8:41  Marine  
Tags
 
Add a new tag
Caveats
  • Supply blocks, unpowered buildings, or Contaminate may cause inaccurate times.
  • Supply counts are checked every 10 seconds.